 Dungeon Crawl Stone Soup version 0.22-a0-223-g0f5d773 (webtiles) character file.

50 vishdafish the Slasher (level 3, 0/28 HPs)
             Began as a Demonspawn Gladiator on Feb 18, 2018.
             Succumbed to an adder's poison
             ... on level 2 of the Dungeon.
             The game lasted 00:02:43 (1678 turns).

vishdafish the Slasher (Demonspawn Gladiator)       Turns: 1678, Time: 00:02:43

Health: 0/28       AC:  6    Str: 15    XL:     3   Next: 55%
Magic:  3/3        EV: 13    Int:  9    God:
Gold:   85         SH:  0    Dex: 14    Spells: 2/2 levels left

rFire    + . .     SeeInvis .   a - +1 long sword
rCold    + . .     Gourm    .   (no shield)
rNeg     . . .     Faith    .   b - +0 leather armour
rPois    +         Spirit   .   l - +1 helmet
rElec    +         Reflect  .   (no cloak)
rCorr    +         Harm     .   (no gloves)
MR       .....                  (no boots)
Stlth    +.........             (no amulet)
HPRegen  0.09/turn              (no ring)
MPRegen  0.08/turn              (no ring)

@: lethally poisoned (0 -> -1), resistant
A: rugged brown scales 1
a: no special abilities


You were on level 2 of the Dungeon.
You were not hungry.

You visited 1 branch of the dungeon, and saw 2 of its levels.

You collected 85 gold pieces.

Inventory:

Hand Weapons
 a - a +1 long sword (weapon)
Missiles
 d - 2 throwing nets (quivered)
Armour
 b - a +0 leather armour (worn)
 c - a +0 helmet
 e - a +0 helmet
 l - a +1 helmet (worn)
Scrolls
 h - a scroll of noise
 i - a scroll of enchant weapon
Comestibles
 f - 3 rations


   Skills:
 + Level 2.4 Fighting
 * Level 3.3 Long Blades
 - Level 2.0 Throwing
 + Level 0.8 Armour
 + Level 3.0 Dodging


You had 2 spell levels left.
You didn't know any spells.

Dungeon Overview and Level Annotations

Branches:
Dungeon (2/15)

Altars:


Innate Abilities, Weirdness & Mutations

You are partially covered in rugged brown scales. (AC +1, +3% HP)


Message History

As you read the scroll labeled MUWINE SIUSUN, it crumbles to dust.
It is a scroll of amnesia.
You feel forgetful for a moment.
* * * LOW HITPOINT WARNING * * *
You feel sick.
Found 15 bolts.
* * * LOW HITPOINT WARNING * * *
You feel sick.
Okay, then.
As you read the scroll labeled ULYIWOOGEU, it crumbles to dust.
You hear a loud clanging noise!
It was a scroll of noise.
As you read the scroll labeled HUISA HEOBB, it crumbles to dust.
It is a scroll of enchant weapon.
Your +0 long sword glows red for a moment.
As you read the scroll labeled JEYPRI DIAV, it crumbles to dust.
You feel blessed for a moment.
It was a scroll of remove curse.
* * * LOW HITPOINT WARNING * * *
You feel sick.
You die...

.#........#
#.##.......#
.#...##...#
#....#.#####
##.####...######.#.##
.............#......#
##.####.##.#.#.#....#
((........>....##...#
##.)................#
........#..##.##..(.#
#..#.#........##@####
.....#..#.####...#
#.......#.........
.......#####.......
##.......# #...!....
.........†..........#
###..#.#...#.....####
.....#.###.#.#...#
##...... ...


There were no monsters in sight!

Vanquished Creatures
  An adder (D:2)
  2 leopard geckos (D:2)
  2 bats
  2 giant cockroaches (D:1)
  7 goblins
  6 hobgoblins
  2 jackals (D:2)
  A quokka (D:2)
  3 frilled lizards
  6 kobolds
  A rat (D:2)
33 creatures vanquished.

Notes
Turn   | Place    | Note
-------+----------+-------------------------------------------
     0 | D:1      | vishdafish the Demonspawn Gladiator began the quest for the Orb.
     0 | D:1      | Reached XP level 1. HP: 16/16 MP: 1/1
   550 | D:1      | Gained mutation: You are partially covered in rugged brown scales. (AC +1, +3% HP) [demonic ancestry]
   550 | D:1      | Reached XP level 2. HP: 9/22 MP: 2/2
  1297 | D:2      | Found a faded altar of an unknown god.
  1317 | D:2      | Reached XP level 3. HP: 28/28 MP: 3/3
  1670 | D:2      | HP: 1/28 [poisoned by an adder]
  1678 | D:2      | Succumbed to an adder's poison

Vault maps used:
D:1:      dpeg_arrival_tiny_h, minmay_misc_feat_more_columns
D:2:      chequers_ecumenical_altar_island, grunt_ministairs_4

Skill      XL: |  1  2  3 |
---------------+----------+-----
Throwing       | 2 |  2.0
Long Blades    | 3 |  3.3
Dodging        | 3 |  3.0
Fighting       | |  2.4
Armour         | |  0.8

Action                   || total
-------------------------++-------
Melee: Long sword        ||    77
Throw: Throwing net      ||     2
  Use: Potion            ||     2
       Scroll            ||     4
 Stab: Sleeping          ||     1
  Eat: Chunk             ||     2
Armor: Leather armour    ||    22
Dodge: Dodged            ||    55
       Rpst.: Long sword ||    16

Table legend:
 A = Spawn XP
 B = Non-spawn XP
 C = Spawn XP percentage of total XP
 D = Spawn monster count
 E = Non-spawn monster count
 F = Spawn count percentage of total count
 G = Total turns spent on level
                    A         B        C        D         E        F      G
               +---------+---------+-------+---------+---------+-------+---------
         Total |       0 |      72 |   0.0 |       0 |      33 |   0.0 |  1678
               +---------+---------+-------+---------+---------+-------+---------
           D:1 |       0 |      27 |   0.0 |       0 |      16 |   0.0 |  1264
           D:2 |       0 |      45 |   0.0 |       0 |      17 |   0.0 |   414
               +---------+---------+-------+---------+---------+-------+---------
